 Dungeon Crawl Stone Soup version 0.31.0-9-g3a7656b989 (webtiles) character file.

Game seed: 4235616607365901637

4855 Kenran the Grappler (level 10, -19/93 HPs)
             Began as an Oni Shapeshifter on Feb 3, 2024.
             Was a Believer of Hepliaklqana.
             Shot with an arrow by a centaur warrior (26 damage)
             ... on level 8 of the Dungeon.
             The game lasted 00:15:15 (9369 turns).

Kenran the Grappler (Oni Shapeshifter)              Turns: 9369, Time: 00:15:15

Health: -19/93     AC:  5    Str: 20    XL:     10   Next: 49%
Magic:  13/13      EV: 11    Int: 11    God:    Hepliaklqana [**....]
Gold:   380        SH:  0    Dex: 12    Spells: 9/9 levels left

rFire   + .          .
                       - Unarmed
rCold   . . .        (no shield)
rNeg    + . .        C - +2 robe {rF+}
rPois   .            (helmet currently unavailable)
rElec   .            (cloak currently unavailable)
rCorr   .            (gloves unavailable)
SInv    .            (boots unavailable)
Will    +....        (no amulet)
Stlth   +            f - ring of positive energy
HPRegen 0.35/turn    (no ring)
MPRegen 0.13/turn

%: no passive effects
@: beast-form
A: beast (slay +2), reduced essence, large, unfitting armour, horns 1, tough
skin 1, double potion healing, drunken brawling
a: Begin Untransformation, Renounce Religion, Recall Ancestor, Ancestor Identity


You were on level 8 of the Dungeon.
You worshipped Hepliaklqana.
Hepliaklqana was pleased with you.
You were a hulking beast.
You visited 2 branches of the dungeon, and saw 9 of its levels.

You collected 562 gold pieces.
You spent 182 gold pieces at shops.

Inventory:

Armour
 h - a +0 tower shield
 C - a +2 robe of fire resistance (worn)
Jewellery
 f - a ring of positive energy (left hand)
 g - a ring of ice
Talismans
 c - a beast talisman
 d - a flux talisman
 v - a maw talisman
Wands
 k - a wand of charming (7)
 u - a wand of roots (3)
Scrolls
 l - a scroll of fog
 m - a scroll of vulnerability {!r}
 o - 2 scrolls of enchant armour
 p - a scroll of butterflies
 q - a scroll of blinking
 s - 2 scrolls of revelation
 w - 2 scrolls of teleportation
 y - 3 scrolls of enchant weapon {unknown}
 D - a scroll of noise {unknown}
Potions
 b - 2 potions of curing {@q1}
 e - a potion of brilliance
 i - a potion of enlightenment {unknown}
 j - a potion of berserk rage {unknown}
 n - 2 potions of magic {unknown}
 r - 2 potions of attraction {unknown}
 t - a potion of haste {unknown}
 x - a potion of degeneration {unknown}
 z - a potion of ambrosia {unknown}
 B - 2 potions of lignification {!q}


   Skills:
 - Level 8.0 Fighting
 - Level 6.0 Dodging
 - Level 1.0 Shields
 + Level 10.2 Unarmed Combat
 - Level 5.0 Invocations
 - Level 5.0 Shapeshifting


You had 9 spell levels left.
You didn't know any spells.
Your spell library contained the following spells:

 Spells                   Type           Power      Damage    Failure   Level
 Sting                    Conj/Alch      0%         1d3       34%         1
 Blink                    Tloc           0%         N/A       47%         2
 Lesser Beckoning         Tloc           0%         N/A       47%         2
 Mercury Vapours          Alch/Air       0%         N/A       47%         2
 Momentum Strike          Conj/Tloc      0%         3d8       47%         2
 Dazzling Flash           Conj/Hex       0%         N/A       71%         3
 Frozen Ramparts          Ice            0%         1d1       71%         3
 Mephitic Cloud           Conj/Alch/Air  0%         N/A       71%         3
 Stone Arrow              Conj/Erth      0%         3d7       71%         3
 Volatile Blastmotes      Fire/Tloc      0%         2d10      71%         3
 Animate Armour           Summ/Erth      0%         N/A       98%         4
 Leda's Liquefaction      Alch/Erth      0%         N/A       98%         4
 Olgreb's Toxic Radiance  Alch           0%         N/A       98%         4
 Petrify                  Alch/Erth      0%         N/A       98%         4
 Freezing Cloud           Conj/Ice/Air   0%         6-21      100%        5
 Metabolic Englaciation   Hex/Ice        0%         N/A       100%        5
 Starburst                Conj/Fire      0%         6d3       100%        6
 Lehudib's Crystal Spear  Conj/Erth      0%         10d2      100%        8
 Maxwell's Capacitive Co  Air            0%         ∞         100%        8


Dungeon Overview and Level Annotations

Branches:
Dungeon (8/15)             Temple (1/1) D:5
   Lair: D:8-11

Altars:
Cheibriados
Dithmenos
Fedhas
Gozag
Hepliaklqana
Kikubaaqudgha
Makhleb
Nemelex Xobeh
Okawaru
Qazlal
Sif Muna
Trog
Uskayaw
Vehumet
Wu Jian
Xom
Yredelemnul
Zin
The Shining One

Shops:
D:6 ?

Annotations:
D:4 1 runed translucent door, exclusion: door, Crazy Yiuf
D:5 1 runed translucent door
D:8 exclusion: ugly thing


Innate Abilities, Weirdness & Mutations

You are a hulking beast.
Your limbs bulge with bestial killing power. (Slay +2)
Your life essence is reduced to manifest your ancestor. (-10% HP)
You are too large for most types of armour.
You have a pair of small horns on your head.
You have tough skin. (AC +1)
You gain doubled healing and magic from potions.
Whenever you drink a healing potion, you attack all around you.


Message History

Roots grab the red ugly thing.
The grasping roots constrict the red ugly thing.
The red ugly thing closely misses you.
The grasping roots constrict the red ugly thing.
The roots release their grip on the red ugly thing.
The red ugly thing attacks as it pursues you!
The red ugly thing headbutts you!
You are engulfed in flames.
You resist.
Aiming: Fastroot
Press: ? - help, Shift-Dir - straight line The roots erupt in riotous growth!
Roots grab the red ugly thing.
The grasping roots constrict the red ugly thing.
The red ugly thing headbutts you!
You are engulfed in flames!
You resist.
You punch the red ugly thing!
The red ugly thing is almost dead.
The grasping roots constrict the red ugly thing!
The roots release their grip on the red ugly thing.
Cihuaton closely misses the red ugly thing.
The red ugly thing headbutts you.
You are engulfed in flames!
You resist.
* * * LOW HITPOINT WARNING * * *
You closely miss the red ugly thing.
The red ugly thing is almost dead.
An arrow appears from out of your range of vision.
The arrow hits Cihuaton!
The red ugly thing headbutts you!
* * * LOW HITPOINT WARNING * * *
You are engulfed in flames.
You resist.
* * * LOW HITPOINT WARNING * * *
Cihuaton hits the red ugly thing with a +0 flail.
The red ugly thing dies!
Your life force feels restored.
Training target 8.0 for Fighting reached!
Your Fighting skill increases to level 8!
You need to enable at least one skill for training.
An arrow appears from out of your range of vision.
Cihuaton blocks the arrow.
You swap places.
A centaur warrior comes into view. It is wielding a +0 shortbow.
The centaur warrior shoots an arrow.
The arrow misses you.
The centaur warrior shoots an arrow.
The arrow hits you!!
You die...

...# #..........#
#..###.........##
#...#..........##
#..............##
##..††...........###
#...)..............##
##).###..............##
####.)##
###..............
....).# ###.Rh.........
......### ###..........
.........# #........###
..........#
#...........
...........#
#....####..
...........## #...##
... ............# ##..#
.. .......u....###c..#
.#
.........##...#..#u.}


You could see the friendly Cihuaton the knight and a centaur warrior (ally
target).

Vanquished Creatures
  Pikel (D:5)
  Jeremiah (D:8)
  A steam dragon (D:5)
  A water moccasin (D:5)
  2 ice beasts
  A black bear (D:5)
  2 sky beasts (D:7)
  An ogre (D:6)
  3 orc warriors
  2 lemures (D:5)
  5 phantoms
  2 kobold brigands
  A bullfrog (D:7)
  4 scorpions
  4 wights (D:8)
  2 howler monkeys (D:8)
  7 hounds
  5 orc priests
  4 bombardier beetles (D:5)
  A gnoll bouda (D:5)
  A jelly (D:5)
  3 sleepcaps
  3 iguanas
  4 orc wizards
  5 gnolls
  6 adders
  3 shadow imps
  An ufetubus (D:6)
  2 ribbon worms
  27 orcs
  12 ball pythons
  A bat (D:1)
  7 endoplasms
  2 giant cockroaches
  8 hobgoblins
  2 jackals (D:5)
  13 kobolds
  6 quokkas
  4 frilled lizards
  10 goblins
  6 rats
176 creatures vanquished.

Vanquished Creatures (collateral kills)
  An ugly thing (D:8)
  2 water moccasins
  An orc warrior (D:7)
  An ogre (D:7)
  A lemure (D:6)
  A wight (D:8)
  A howler monkey (D:8)
  2 gnolls (D:7)
  An ufetubus (D:6)
  2 orcs (D:7)
  A kobold (D:8)
14 creatures vanquished.

Vanquished Creatures (others)
  A knight (D:8)
1 creature vanquished.

Grand Total: 191 creatures vanquished

Notes
Turn   | Place    | Note
-------+----------+-------------------------------------------
     0 | D:1      | Kenran the Oni Shapeshifter began the quest for the Orb.
     0 | D:1      | Reached XP level 1. HP: 19/19 MP: 1/1
    92 | D:1      | Reached skill level 3 in Unarmed Combat
   118 | D:1      | Reached XP level 2. HP: 26/27 MP: 2/2
   546 | D:1      | Reached XP level 3. HP: 33/33 MP: 3/3
  1175 | D:2      | Reached skill level 4 in Unarmed Combat
  1290 | D:2      | Identified the +2 pair of gloves "Ecunog" {Int+4}
  1461 | D:2      | Reached XP level 4. HP: 41/41 MP: 4/4
  1879 | D:3      | Reached skill level 5 in Unarmed Combat
  1879 | D:3      | Reached XP level 5. HP: 43/48 MP: 5/5
  1974 | D:3      | Found a shimmering altar of Xom.
  2188 | D:3      | Found an ancient bone altar of Kikubaaqudgha.
  2567 | D:4      | Found a hide-covered altar of Uskayaw.
  2825 | D:4      | Found a runed translucent door.
  2826 | D:4      | Noticed Crazy Yiuf
  3569 | D:4      | Found a shimmering blue altar of Sif Muna.
  3871 | D:5      | Entered Level 5 of the Dungeon
  3889 | D:4      | Reached skill level 6 in Unarmed Combat
  3889 | D:4      | Reached XP level 6. HP: 43/55 MP: 6/6
  3936 | D:5      | Noticed an orc warrior
  3988 | D:5      | Found a staircase to the Ecumenical Temple.
  3995 | Temple   | Entered the Ecumenical Temple
  4013 | Temple   | Became a worshipper of Hepliaklqana the Forgotten
  4336 | D:5      | Found an iron altar of Okawaru.
  4368 | D:5      | Reached skill level 7 in Unarmed Combat
  4368 | D:5      | Reached XP level 7. HP: 58/65 MP: 7/7
  4644 | D:5      | Found a runed translucent door.
  4649 | D:5      | Found the +0 toga "Victory" {*Victory Clar}
  4748 | D:5      | Reached skill level 5 in Fighting
  4942 | D:5      | Noticed a steam dragon
  4956 | D:5      | Killed a steam dragon
  4961 | D:5      | Reached skill level 8 in Unarmed Combat
  4961 | D:5      | Reached XP level 8. HP: 55/80 MP: 8/8
  5124 | D:5      | Found a burning altar of Makhleb.
  5176 | D:5      | HP: 3/80 [orc/+0 flail (9)]
  5663 | D:5      | Reached skill level 9 in Unarmed Combat
  6325 | D:5      | Found a snail-covered altar of Cheibriados.
  6534 | D:6      | Reached * piety under Hepliaklqana
  6542 | D:6      | Reached XP level 9. HP: 72/79 MP: 9/9
  6552 | D:6      | Noticed Pikel
  6826 | D:5      | Reached skill level 5 in Shapeshifting
  6835 | D:5      | Killed Pikel
  6963 | D:5      | Reached skill level 10 in Unarmed Combat
  7148 | D:6      | Reached skill level 1 in Invocations
  7656 | D:6      | Found Luag's Magic Scroll Emporium.
  7664 | D:6      | Bought a scroll of identify for 28 gold pieces
  7664 | D:6      | Bought a scroll of identify for 28 gold pieces
  7664 | D:6      | Bought a scroll of identify for 28 gold pieces
  7664 | D:6      | Bought a scroll of identify for 28 gold pieces
  7664 | D:6      | Bought a scroll of identify for 28 gold pieces
  7664 | D:6      | Bought a scroll of teleportation for 42 gold pieces
  7744 | D:6      | Found a sparkling altar of Nemelex Xobeh.
  7960 | D:7      | Found a glowing golden altar of the Shining One.
  8051 | D:7      | Reached ** piety under Hepliaklqana
  8052 | D:7      | Remembered your ancestor Cihuaton as a knight
  8074 | D:7      | Found a stormy altar of Qazlal.
  8370 | D:7      | Reached skill level 5 in Dodging
  8370 | D:7      | Reached skill level 5 in Invocations
  8370 | D:7      | Reached XP level 10. HP: 75/86 MP: 13/13
  8683 | D:7      | Reached skill level 1 in Shields
  8727 | D:7      | Found an ornate altar of the Wu Jian Council.
  8999 | D:8      | Noticed Jeremiah
  9089 | D:8      | Killed Jeremiah
  9233 | D:8      | Noticed a red ugly thing
  9367 | D:8      | Killed a red ugly thing
  9369 | D:8      | Noticed a centaur warrior
  9369 | D:8      | Shot with an arrow by a centaur warrior

Illustrated notes

Levels and vault maps discovered:
D:1:      lightli_molten_gateway, layout_basic
D:2:      layout_basic
D:3:      layout_loops_cross, nicolae_kikubaaqudgha_miasma_corner,
          amcnicky_altar_gilded
D:4:      layout_basic, led_sif_book, mainiacjoe_overflow_brackets,
          uniq_crazy_yiuf_cottage
D:5:      minmay_thinvault, layout_gridville, bloody_makhleb, marbit_many_paths,
          nicolae_overflow_guarded_unrand_okawaru_victory, temple_fountains
D:6:      layout_layer_cave, nemelex_diamond_rough_becter, serial_shops, shop,
          minivault_19, uniq_pikel
D:7:      layout_loops_cross, grunt_qazlal_sundering,
          mainiacjoe_overflow_catwalk, kennysheep_mini_moat,
          kennysheep_small_square
D:8:      layout_cave_pods, minmay_radiant, uniq_jeremiah
Temple:   hellmonk_temple_flake

Skill      XL: |  1  2  3  4  5  6  7  8  9 10 |
---------------+-------------------------------+-----
Unarmed Combat | 3 4 5 6 7 8 9 10 | 10.2
Fighting       | 2 5 8 |  8.0
Dodging        | 3 5 6 |  6.0
Shapeshifting  | 4 5 |  5.0
Invocations    | 5 |  5.0
Shields        | 1 |  1.0

Action                     |  1- 3 |  4- 6 |  7- 9 | 10-12 || total
---------------------------+-------+-------+-------+-------++-------
  Melee: Unarmed           |    89 |   150 |   237 |    75 ||   551
         Headbutt          |    12 |    16 |    54 |    11 ||    93
         Punch             |     1 |     5 |     7 |     2 ||    15
 Invoke: Recall Ancestor   |       |       |     6 |       ||     6
         Ancestor Life: Kn |       |       |     1 |       ||     1
         Ancestor Identity |       |       |     1 |       ||     1
  Evoke: Wand              |       |       |       |     9 ||     9
    Use: Scroll            |       |     3 |     8 |     1 ||    12
         Potion            |       |     1 |     3 |     1 ||     5
   Stab: Sleeping          |     1 |     2 |       |       ||     3
 Armour: Animal skin       |    43 |   110 |   170 |    29 ||   352
         Skin              |       |     1 |       |       ||     1
         Robe              |       |       |       |    21 ||    21
  Dodge: Dodged            |    35 |    42 |    79 |    20 ||   176
  Block: Tower shield      |       |       |    12 |       ||    12
